Map: 2000 Atmospheres LE

Players

Kelazhur - Winner!

  • Race: Terran Terran

JimRising

  • Race: Zerg Zerg
  • League: Grandmaster

Event: DreamHack SC2 Masters 2021 Summer

VOD

Have the link to the VOD?

Description

Time

  • Played on: May 19, 2021, 4:57 p.m.
  • Length: 9:58

All games in this series

Show
View Real Time Build Order
Export as new Build Order

Kelazhur Terran - Winner!

Build Orders: Hellion Opening, Reaper Expand 

Get SALT Encoding   

  12  0:00  SCV  
  13  0:12  SCV  
  14  0:17  Supply Depot  
  14  0:24  SCV  
  15  0:38  SCV  
  15  0:39  Barracks  
  16  0:42  Refinery  
  16  0:50  SCV  
  17  1:02  SCV  
  18  1:14  SCV  
  19  1:26  Reaper  
  19  1:27  Orbital Command  
  20  1:38  Command Center  
  20  1:47  Supply Depot  
  20  1:52  SCV  
  21  1:58  Marine  
  22  2:05  Factory  
  22  2:07  SCV  
  23  2:14  Refinery  
  23  2:20  SCV, Barracks Reactor  
  24  2:32  SCV  
  25  2:44  SCV  
  26  2:50  Orbital Command  
  26  2:51  Starport  
  26  2:56  SCV  
  27  3:01  Hellion x2  
  27  3:04  Barracks Tech Lab  
  31  3:08  SCV  
  32  3:16  Supply Depot  
  32  3:22  Hellion x2  
  32  3:24  Marauder  
  38  3:30  Viking  
  38  3:33  SCV  
  42  3:34  SCV  
  42  3:35  Concussive Shells  
  42  3:41  Supply Depot  
  42  3:46  Hellion  
  42  3:47  Hellion  
  46  3:49  SCV  
  46  3:50  SCV  
  46  3:54  Marauder  
  50  4:00  Medivac  
  52  4:06  Armory  
  52  4:07  Supply Depot  
  52  4:08  SCV  
  53  4:16  Hellion x2  
  57  4:18  SCV  
  57  4:23  SCV  
  59  4:30  SCV  
  60  4:35  SCV  
  60  4:37  Supply Depot, Hellion x2  
  65  4:43  SCV  
  66  4:47  SCV  
  67  4:55  SCV  
  68  5:00  Hellion  
  68  5:01  SCV, Hellion  
  68  5:07  SCV  
  68  5:11  Banshee, Cloaking Field  
  68  5:13  SCV  
  66  5:15  Barracks Tech Lab  
  66  5:16  Command Center  
  66  5:19  SCV  
  59  5:26  SCV  
  52  5:31  SCV  
  52  5:34  Bunker, Barracks x2  
  51  5:37  Marauder  
  51  5:38  Factory Reactor, SCV  
  51  5:39  Stimpack  
  54  5:43  SCV  
  54  5:48  Refinery  
  54  5:49  Refinery  
  55  5:50  SCV  
  55  5:55  SCV, Engineering Bay  
  55  5:56  Engineering Bay  
  57  5:59  Marauder  
  57  6:02  SCV  
  56  6:04  Banshee  
  56  6:07  SCV  
  60  6:14  SCV  
  61  6:19  SCV  
  61  6:21  Marine  
  61  6:24  Marine x2  
  65  6:26  SCV  
  65  6:27  Terran Infantry Weapons Level 1, Terran Infantry Armor Level 1  
  65  6:30  Factory Reactor, Supply Depot, Orbital Command  
  66  6:33  Marine x2  
  66  6:34  Barracks  
  66  6:35  Barracks  
  66  6:36  SCV  
  66  6:38  SCV  
  70  6:41  Marine x2  
  70  6:42  Marine  
  73  6:48  SCV  
  73  6:50  SCV  
  73  6:51  Orbital Command  
  75  6:56  Marine x2  
  75  6:57  Supply Depot  
  75  6:59  Marine  
  75  7:00  SCV  
  79  7:02  SCV  
  79  7:04  Marine x2, Supply Depot  
  82  7:12  SCV  
  82  7:14  SCV, Marine  
  85  7:17  Medivac x2  
  85  7:18  Siege Tank, Marine x2  
  85  7:20  SCV  
  85  7:21  Supply Depot  
  85  7:22  Marauder  
  97  7:25  Barracks Reactor x2  
  97  7:30  SCV  
  97  7:39  Marine x3  
  97  7:40  Marine  
  97  7:44  Marauder  
  103  7:45  SCV x3  
  103  7:47  Medivac x2  
  103  7:50  Siege Tank  
  104  8:04  Marine x2  
  104  8:05  SCV, Marine  
  92  8:06  SCV, Marine x2  
  92  8:07  SCV  
  92  8:08  Marine x2  
  92  8:09  Marine  
  92  8:10  Marine  
  92  8:17  SCV, Medivac  
  92  8:18  SCV  
  94  8:20  SCV  
  94  8:22  Marine x2  
  94  8:23  Marine x2  
  94  8:25  Marauder, Marine  
  101  8:32  SCV x3, Marine x3, Medivac  
  109  8:43  Supply Depot  
  109  8:44  Supply Depot  
  109  8:47  Marine  
  109  8:48  SCV, Marine  
  109  8:49  Marine  
  109  8:50  Marine  
  109  8:51  SCV, Marine  
  109  8:52  Marine  
  109  8:55  SCV  
  109  8:56  Marine  
  109  8:59  Marauder  
  109  9:00  SCV  
  109  9:01  Marine  
  107  9:03  SCV  
  107  9:05  Marine  
  107  9:06  Siege Tank, Marine  
  107  9:07  SCV, Marine  
  107  9:08  Marine  
  116  9:13  Marine x2  
  118  9:17  Refinery x2  
  118  9:18  Supply Depot  
  118  9:20  Marauder  
  118  9:21  Marine, Supply Depot  
  121  9:27  Marine x4  
  125  9:40  SCV, Marine x2, Supply Depot  
  125  9:41  SCV  
  125  9:44  Supply Depot  
Show
View Real Time Build Order
Export as new Build Order

JimRising Zerg 

Build Orders: Hatch First 

Get SALT Encoding   

  12  0:00  Drone  
  13  0:12  Overlord  
  13  0:16  Drone  
  14  0:30  Drone x2  
  16  0:48  Hatchery  
  15  0:54  Drone  
  15  0:56  Drone  
  17  0:58  Drone  
  18  1:05  Extractor  
  17  1:15  Spawning Pool  
  17  1:17  Drone  
  17  1:21  Drone  
  18  1:28  Drone  
  19  1:38  Drone  
  20  1:49  Overlord  
  20  2:02  Queen x2  
  20  2:03  Zergling x4  
  20  2:07  Metabolic Boost  
  26  2:11  Drone  
  26  2:13  Drone  
  28  2:22  Drone  
  29  2:23  Drone  
  29  2:37  Drone x2  
  29  2:41  Queen x2  
  35  2:45  Overlord  
  35  2:50  Overlord  
  35  2:55  Drone  
  36  3:10  Drone x2  
  36  3:11  Drone  
  36  3:12  Drone x3  
  42  3:13  Drone x3  
  45  3:21  Drone x2  
  47  3:32  Hatchery  
  46  3:36  Roach Warren  
  46  3:38  Zergling x4  
  46  3:40  Overlord  
  47  3:54  Drone x5  
  47  3:55  Overlord x2  
  52  3:59  Overlord  
  52  4:00  Extractor, Drone  
  52  4:01  Extractor  
  51  4:11  Queen  
  51  4:12  Overlord  
  51  4:15  Drone  
  54  4:18  Spore Crawler, Drone  
  54  4:19  Roach  
  56  4:26  Roach x4  
  56  4:28  Drone  
  65  4:33  Spore Crawler, Drone  
  65  4:39  Zergling x4  
  65  4:42  Lair  
  67  4:46  Roach x2  
  67  4:49  Overlord  
  71  4:53  Roach  
  71  4:55  Roach  
  71  4:58  Roach  
  71  4:59  Roach  
  77  5:04  Roach x2  
  76  5:14  Roach x4  
  72  5:21  Queen  
  72  5:23  Zergling x6  
  72  5:29  Drone x3  
  72  5:32  Drone x2  
  77  5:36  Drone x2  
  79  5:48  Drone x3  
  82  5:50  Queen, Pneumatized Carapace  
  82  5:51  Extractor  
  83  5:58  Spore Crawler  
  83  6:02  Spore Crawler  
  81  6:07  Queen  
  81  6:08  Roach, Glial Reconstitution  
  81  6:09  Roach  
  87  6:14  Overlord  
  85  6:22  Overseer  
  85  6:24  Drone  
  85  6:25  Overlord, Drone x2  
  86  6:39  Roach x5  
  98  6:40  Roach  
  98  6:41  Overlord x3  
  98  6:45  Queen  
  100  6:56  Roach x3  
  100  6:58  Overlord x2  
  106  7:03  Roach  
  106  7:06  Roach x2  
  112  7:16  Roach x4  
  112  7:18  Roach  
  112  7:22  Ravager x2  
  123  7:23  Zergling x4, Ravager  
  123  7:24  Zergling x2  
  123  7:26  Roach  
  123  7:28  Overseer  
  127  7:30  Roach  
  127  7:32  Ravager  
  127  7:33  Ravager x2  
  127  7:34  Roach x2  
  127  7:36  Roach  
  134  7:45  Roach  
  134  7:46  Roach x3  
  140  7:52  Roach  
  140  7:54  Roach x2  
  140  7:56  Roach x2  
  123  8:05  Roach x4  
  112  8:11  Roach x3  
  101  8:14  Roach  
  101  8:16  Queen  
  101  8:18  Roach  
  97  8:22  Roach  
  97  8:26  Roach x2  
  97  8:29  Drone  
  97  8:30  Drone  
  97  8:32  Roach  
  97  8:33  Queen  
  101  8:38  Roach  
  101  8:39  Roach  
  105  8:44  Roach  
  103  8:53  Roach x2  
  101  8:58  Roach  
  101  9:00  Roach x2  
  83  9:04  Drone  
  83  9:05  Drone x2  
  78  9:11  Roach x2  
  82  9:17  Roach x4  
  82  9:18  Roach  
  92  9:24  Roach  
  92  9:25  Ravager x3  
  92  9:27  Roach x2  
  105  9:35  Roach x2  
Tags
 
Add a new tag
Caveats
  • Supply blocks, unpowered buildings, or Contaminate may cause inaccurate times.
  • Supply counts are checked every 10 seconds.